 Dungeon Crawl Stone Soup version 0.31.0-12-g77e489cdc1 (webtiles) character file.

Game seed: 17629264232368076572

39739 chippings the Covert (level 14, -4/66 HPs)
             Began as a Vine Stalker Necromancer on Mar 4, 2024.
             Was the Champion of Dithmenos.
             Killed by an exploding blink frog (34 damage)
             ... ignited by their inner flame
             ... on level 5 of the Lair of Beasts.
             The game lasted 00:55:37 (15073 turns).

chippings the Covert (Vine Stalker Necromancer)    Turns: 15073, Time: 00:55:37

Health: -4/66      AC:  8    Str: 10    XL:     14   Next: 7%
Magic:  0/27       EV: 21    Int: 21    God:    Dithmenos [******]
Gold:   1418       SH:  0    Dex: 17    Spells: 4/29 levels left

rFire   . . .        H - +2 dagger (speed)
rCold   . . .        V - orb {guile}
rNeg    . . .        X - +0 steam dragon scales
rPois   +            g - +2 helmet
rElec   .            O - scarf {harm}
rCorr   .            (no gloves)
SInv    .            (no boots)
Will    .....        y - amulet of regeneration
Stlth   ++++++++     I - +5 ring of evasion
HPRegen 1.91/turn    K - ring of poison resistance
MPRegen 0.20/turn

%: harm (+30% outgoing, +20% incoming), clarity, guardian spirit
@: very slightly contaminated, wreathed by umbra
A: fangs 3, regeneration 1, magic shield, antimagic bite, no potion heal 2,
talons 1, clarity, clever 1
a: Renounce Religion, Shadow Step, Shadow Form


You were on level 5 of the Lair of Beasts.
You worshipped Dithmenos.
Dithmenos was exalted by your worship.
You visited 2 branches of the dungeon, and saw 17 of its levels.
You also visited: Ossuary.

You collected 1658 gold pieces.
You spent 240 gold pieces at shops.

Inventory:

Hand Weapons
 H - a +2 dagger of speed (weapon)
Missiles
 x - 3 curare-tipped darts (quivered)
 N - 3 throwing nets
Armour
 g - a +2 helmet (worn)
 o - an orb of energy
 O - a scarf of harm (worn)
 V - an orb of guile (worn)
 W - +0 fire dragon scales
 X - +0 steam dragon scales (worn)
Magical Staves
 Q - a staff of conjuration
Jewellery
 y - an amulet of regeneration (around neck)
 E - a ring of resist corrosion
 I - a +5 ring of evasion (left hand)
 K - a ring of poison resistance (right hand)
 P - a ring of see invisible
Wands
 v - a wand of roots (13)
 C - a wand of polymorph (8)
 M - a wand of flame (31)
 S - a wand of quicksilver (8)
 Y - a wand of charming (3)
Scrolls
 c - 4 scrolls of blinking
 d - a scroll of noise
 h - a scroll of revelation
 j - 2 scrolls of vulnerability {unknown}
 p - 2 scrolls of poison
 r - a scroll of torment
 s - 3 scrolls of immolation
 t - a scroll of identify
 F - 2 scrolls of amnesia
 G - a scroll of enchant armour
 J - a scroll of fear
 R - 3 scrolls of teleportation
Potions
 b - 3 potions of magic
 e - 4 potions of lignification {unknown}
 f - 4 potions of heal wounds {unknown}
 i - a potion of mutation
 k - 2 potions of invisibility
 l - 2 potions of attraction
 n - 3 potions of might {unknown}
 q - 4 potions of ambrosia {unknown}
 u - 4 potions of brilliance {unknown}
 w - a potion of cancellation
 A - 8 potions of curing {unknown}
 B - a potion of enlightenment
 L - 3 potions of resistance
 U - a potion of berserk rage
 Z - 2 potions of haste
Miscellaneous
 a - a phial of floods
 D - a phantom mirror


   Skills:
 - Level 4.0 Fighting
 + Level 8.3 Short Blades
 - Level 8.0 Dodging
 + Level 9.8 Stealth
 - Level 8.0 Spellcasting
 + Level 7.6 Conjurations
 + Level 9.6 Hexes
 - Level 8.0 Necromancy
 - Level 4.0 Fire Magic
 + Level 7.8 Alchemy
 + Level 3.4 Evocations


You had 4 spell levels left.
You knew the following spells:

 Your Spells              Type           Power      Damage    Failure   Level
a - Irradiate             Conj/Alch      20%        3d18      10%         5
b - Vampiric Draining     Necr           42%        2d9       1%          3
c - Jinxbite              Hex            96%        N/A       1%          2
d - Yara's Violent Unrav  Hex/Alch       22%        3d10      6%          5
e - Enfeeble              Hex            24%        N/A       78%         7
f - Inner Flame           Hex/Fire       36%        N/A       1%          3

Your spell library contained the following spells:

 Spells                   Type           Power      Damage    Failure   Level
 Necrotise                Necr           100%       1d9       1%          1
 Sting                    Conj/Alch      100%       1d9       1%          1
 Mercury Vapours          Alch/Air       48%        N/A       2%          2
 Mephitic Cloud           Conj/Alch/Air  30%        N/A       3%          3
 Animate Dead             Necr           42%        N/A       3%          4
 Fulminant Prism          Conj/Alch      20%        3d12      3%          4
 Olgreb's Toxic Radiance  Alch           41%        N/A       3%          4
 Volatile Blastmotes      Fire/Tloc      32%        2d12      11%         3
 Martyr's Knell           Necr/Summ      25%        N/A       16%         4
 Iskenderun's Mystic Bla  Conj/Tloc      24%        2d7       17%         4
 Gell's Gravitas          Tloc           8%         N/A       24%         3
 Teleport Other           Tloc           8%         N/A       24%         3
 Curse of Agony           Necr           42%        N/A       9%          5
 Summon Mana Viper        Hex/Summ       28%        N/A       30%         5
 Freezing Cloud           Conj/Ice/Air   9%         6-21      61%         5
 Summon Forest            Summ/Tloc      4%         N/A       91%         5
 Dispersal                Tloc           4%         N/A       100%        6
 Summon Cactus Giant      Summ           4%         N/A       100%        6
 Ignition                 Fire           12%        3d6       100%        8


Dungeon Overview and Level Annotations

Branches:
Dungeon (12/15)            Temple (0/1) D:6            Lair (5/5) D:11
 Shoals (0/4) Lair:2        Snake (0/4) Lair:2        Slime (0/5) Lair:4
Ossuary (visited)
    Orc: D:9-12

Altars:
Dithmenos
Gozag
Okawaru
Sif Muna
Trog
Yredelemnul
Jiyva

Shops:
D:11 =

Annotations:
D:8 5 transporters
D:10 exclusion: oklob plant


Innate Abilities, Weirdness & Mutations

You have razor-sharp teeth.
Your natural rate of healing is unusually fast.
When hurt, damage is shared between your health and your magic reserves.
Your bite disrupts and absorbs the magic of your enemies.
Potions cannot restore your health.
You have sharp toenails.
You possess an exceptional clarity of mind.
Your mind is acute. (Int +4, Str/Dex -1)


Message History

Unknown command.
You hit the blink frog. You claw the blink frog.
Your bite misses the blink frog.
The blink frog is lightly wounded.
The blink frog completely misses you.
You see here a wyvern corpse.
A dream sheep comes into view.
The blink frog blinks! x2
Unknown command.
You hit the blink frog. Your kick misses the blink frog.
You bite the blink frog, but do no damage.
The blink frog is moderately wounded.
The blink frog blinks! x2
Casting: Inner Flame (safe; 1% risk of failure)
Confirm with . or Enter, or press ? or * to list all spells.
Aiming: Inner Flame (safe; 1% risk of failure)
Press: ? - help, Dir - move target, f - blink frog, p - blink frog
Aim: a blink frog (moderately wounded, umbra, chance to affect: 95%)
The blink frog is filled with an inner flame.
Your shadow mimics your spell!
The shadow shard misses the blink frog.
The blink frog closely misses you.
The blink frog blinks!
The blink frog closely misses you.
Casting: Inner Flame (safe; 1% risk of failure)
Confirm with . or Enter, or press ? or * to list all spells.
You erupt in a fountain of uncontrolled magic!
The blink frog is blasted with magical radiation!!
Dithmenos accepts your kill.
The blink frog is blasted with magical radiation!!!
Dithmenos accepts your kill.
You are very lightly contaminated with residual magic.
The blink frog explodes!
The fiery explosion engulfs you!!
Ouch! That really hurt!
You emit a cloud of dark smoke.
The fiery explosion engulfs the blink frog!!
The blink frog is almost dead.
The blink frog explodes!
The fiery explosion engulfs you!!
Ouch! That really hurt!
You die...

.........:...#
..§...........#
............##
...Y........##
.............#
##...........#
###.#§§....##
##§§§....#
#@§F....##
##§§....P#
#P§§.....#
##..§....#
........##
###.......#
#......##
)......#
#P.......


You could see a blink frog and a dream sheep.

Vanquished Creatures
  4 two-headed ogres
  Nergalle (Lair:3)
  Urug (Lair:2)
  A skyshark (Lair:3)
  A cyclops (D:11)
  An ugly thing (D:11)
  12 elephants
  3 black mambas
  14 cane toads
  Maggie (Lair:2)
  5 komodo dragons
  3 rime drakes
  A polar bear (Lair:3)
  3 merfolk (Lair:2)
  2 trolls
  Grinder (D:5)
  Prince Ribbit (D:8)
  5 dream sheep
  31 blink frogs
  2 shadows
  2 water elementals (D:11)
  4 wyverns
  48 yaks
  4 basilisks
  Grum (D:11)
  A vampire (D:11)
  2 steam dragons
  Menkaure (D:4)
  2 acid dragons
  6 water moccasins
  3 black bears
  3 orc warriors
  An ice beast (D:8)
  2 ogres
  12 wolves
  2 centaurs
  7 kobold brigands
  12 bullfrogs
  A gnoll sergeant (D:10)
  11 killer bees
  6 electric eels
  3 bombardier beetles
  10 hounds
  6 orc priests
  A gnoll bouda (D:6)
  8 jellies
  4 orc wizards
  4 hell rats
  5 iguanas
  A hound zombie (Ossuary)
  4 mummies (Ossuary)
  18 gnolls
  7 adders
  A shadow imp (D:8)
  3 white imps
  2 adder zombies (Ossuary)
  3 dart slugs
  3 ribbon worms
  18 orcs
  3 ball pythons
  23 endoplasms
  A giant cockroach (D:2)
  2 gnoll zombies (Ossuary)
  8 goblins
  7 hobgoblins
  6 jackals
  5 quokkas
  8 bats
  4 frilled lizards
  A goblin zombie (Ossuary)
  2 hobgoblin zombies (Ossuary)
  2 jackal zombies
  40 kobolds
  2 kobold zombies
  2 orc zombies (Ossuary)
  5 rats
446 creatures vanquished.

Vanquished Creatures (collateral kills)
  A hobgoblin (D:1)
1 creature vanquished.

Vanquished Creatures (others)
  An orc wizard (D:8)
1 creature vanquished.

Grand Total: 448 creatures vanquished

Notes
Turn   | Place    | Note
-------+----------+-------------------------------------------
     0 | D:1      | chippings the Vine Stalker Necromancer began the quest for
                  | the Orb.
     0 | D:1      | Reached XP level 1. HP: 9/9 MP: 4/4
    93 | D:1      | Found a faded altar of an unknown god.
   181 | D:1      | Reached XP level 2. HP: 13/13 MP: 3/6
   970 | D:2      | Reached XP level 3. HP: 16/16 MP: 6/8
   975 | D:2      | Learned a level 3 spell: Vampiric Draining
  1639 | D:3      | Identified the +7 dagger of Dried Tears {antimagic, ^Contam
                  | rPois Dex+5 Stlth+}
  1656 | D:3      | Reached XP level 4. HP: 21/21 MP: 9/9
  1718 | D:3      | Reached skill level 1 in Short Blades
  2164 | D:3      | Reached XP level 5. HP: 24/24 MP: 11/11
  2207 | D:3      | You fall into a shaft and drop 1 floor!
  2207 | D:4      | Found a shadowy altar of Dithmenos.
  2209 | D:4      | Noticed Menkaure
  2212 | D:4      | Became a worshipper of Dithmenos the Shadowed
  2261 | D:4      | Reached skill level 5 in Necromancy
  2431 | D:3      | Reached XP level 6. HP: 28/28 MP: 6/12
  2790 | D:5      | Entered Level 5 of the Dungeon
  2849 | D:5      | Found a sand-covered staircase.
  2871 | Ossuary  | Entered an ossuary
  2895 | Ossuary  | Reached * piety under Dithmenos
  3072 | D:5      | Noticed Grinder
  3087 | D:5      | Killed Grinder
  3088 | D:5      | Reached skill level 5 in Stealth
  3088 | D:5      | Reached XP level 7. HP: 26/32 MP: 11/14
  3612 | D:4      | Reached skill level 5 in Spellcasting
  3612 | D:4      | Gained mutation: You have razor-sharp teeth. [Vine Stalker
                  | growth]
  3612 | D:4      | Reached XP level 8. HP: 26/36 MP: 5/16
  3642 | D:4      | Killed Menkaure
  3781 | D:4      | Reached ** piety under Dithmenos
  4049 | D:4      | Found a shimmering blue altar of Sif Muna.
  4382 | D:5      | Found an opulent altar of Gozag.
  4598 | D:6      | Reached skill level 1 in Fighting
  4739 | D:6      | Found a staircase to the Ecumenical Temple.
  5329 | D:7      | Reached XP level 9. HP: 42/42 MP: 18/18
  5344 | D:7      | Learned a level 2 spell: Jinxbite
  5350 | D:7      | Learned a level 5 spell: Yara's Violent Unravelling
  5358 | D:7      | Learned a level 7 spell: Enfeeble
  5428 | D:7      | Reached skill level 1 in Hexes
  5519 | D:7      | Found an iron altar of Okawaru.
  5567 | D:7      | Found a bloodstained altar of Trog.
  5569 | D:7      | Found a basalt altar of Yredelemnul.
  5874 | D:7      | Identified a scroll of acquirement
  5875 | D:7      | Acquired 604 gold pieces
  5986 | D:8      | Found a transporter.
  5989 | D:8      | Found a transporter.
  5994 | D:8      | Found a transporter.
  5994 | D:8      | Found a transporter.
  6282 | D:8      | Found a transporter.
  6289 | D:8      | Found a transporter.
  6515 | D:8      | Noticed Prince Ribbit
  6517 | D:8      | Killed Prince Ribbit
  6579 | D:8      | Reached *** piety under Dithmenos
  6580 | D:8      | Reached XP level 10. HP: 49/49 MP: 21/21
  7414 | D:9      | Reached skill level 5 in Dodging
  7581 | D:10     | Entered Level 10 of the Dungeon
  7584 | D:10     | Noticed a two-headed ogre
  7599 | D:10     | Killed a two-headed ogre
  7600 | D:10     | Reached skill level 5 in Hexes
  7716 | D:10     | Noticed a red ugly thing
  7717 | D:10     | Reached skill level 1 in Alchemy
  7995 | D:10     | Noticed an oklob plant
  8265 | D:10     | Reached **** piety under Dithmenos
  8329 | D:10     | Learned a level 5 spell: Irradiate
  8446 | D:10     | Reached XP level 11. HP: 50/53 MP: 24/24
  8449 | D:10     | Reached skill level 1 in Conjurations
  8697 | D:11     | Noticed a two-headed ogre
  8697 | D:11     | Noticed a two-headed ogre
  8709 | D:11     | Noticed a cyclops
  8790 | D:11     | Killed a cyclops
  8834 | D:11     | Killed a two-headed ogre
  8835 | D:11     | Reached skill level 5 in Short Blades
  8940 | D:11     | Killed a two-headed ogre
  9074 | D:11     | Noticed Grum
  9104 | D:11     | Killed Grum
  9110 | D:11     | Noticed a red ugly thing
  9173 | D:11     | Killed a red ugly thing
  9281 | D:11     | Found a staircase to the Lair.
  9317 | D:11     | Gained mutation: You have hidden genetic potential. [potion
                  | of mutation]
  9317 | D:11     | Gained mutation: Your mind is acute. (Int +4, Str/Dex -1)
                  | [potion of mutation]
  9327 | D:11     | Reached ***** piety under Dithmenos
  9456 | D:11     | Found Laitz's Jewellery Boutique.
  9475 | D:11     | Bought a ring of see invisible for 240 gold pieces
  9519 | D:11     | Noticed a two-headed ogre
  9525 | D:11     | Killed a two-headed ogre
  9676 | Lair:1   | Entered Level 1 of the Lair of Beasts
  9778 | Lair:1   | Reached XP level 12. HP: 53/58 MP: 18/25
  9890 | Lair:1   | Reached skill level 5 in Alchemy
 10095 | Lair:1   | Reached skill level 5 in Conjurations
 10358 | Lair:1   | Gained mutation: You possess an exceptional clarity of
                  | mind. [hidden potential]
 11084 | Lair:2   | Learned a level 3 spell: Inner Flame
 11299 | Lair:2   | Noticed Urug
 11315 | Lair:2   | Killed Urug
 11469 | Lair:2   | Noticed Maggie
 11487 | Lair:2   | Reached skill level 1 in Fire Magic
 11496 | Lair:2   | Killed Maggie
 11619 | Lair:2   | Found a staircase to the Snake Pit.
 11957 | Lair:2   | Found a staircase to the Shoals.
 12071 | Lair:2   | Reached XP level 13. HP: 61/61 MP: 26/26
 12459 | Lair:3   | Noticed Nergalle
 12490 | Lair:3   | Killed Nergalle
 12491 | Lair:3   | Reached skill level 1 in Evocations
 12863 | Lair:3   | Gained mutation: You have sharp toenails. [hidden
                  | potential]
 12863 | Lair:3   | Lost mutation: You have hidden genetic potential. [hidden
                  | potential expressed]
 13773 | Lair:4   | Reached ****** piety under Dithmenos
 14120 | Lair:4   | Found a staircase to the Slime Pits.
 14121 | Lair:4   | Found a viscous altar of Jiyva.
 14882 | Lair:5   | Entered Level 5 of the Lair of Beasts
 14884 | Lair:5   | Reached XP level 14. HP: 66/66 MP: 27/27
 15073 | Lair:5   | Killed by an exploding blink frog... ignited by their inner
                  | flame

Illustrated notes

Levels and vault maps discovered:
D:1:      lemuel_arrival_tunnels, layout_basic,
          dreamdust_ecumenical_altar_grove, nicolae_twisty_statue_hallways
D:2:      layout_loops_ring
D:3:      layout_basic
D:4:      layout_basic, grunt_dithmenos_smoke_and_mirrors,
          mainiacjoe_overflow_alcove_1, uniq_menkaure
D:5:      layout_loops_ring, overflow_temple_1_default, enter_ossuary_3,
          uniq_grinder
D:6:      layout_basic, minmay_temple_entry_antechambers
D:7:      layout_cave_pools, nicolae_overflow_hidden_temple, serial_rivers,
          chequers_serial_rivers_room_b, chequers_serial_rivers_large_b,
          chequers_serial_rivers_micro_e, chequers_serial_rivers_micro_c,
          chequers_serial_rivers_small_3, chequers_serial_rivers_micro_b
D:8:      layout_basic, serial_nicolae_subway, nicolae_sub_station_metal,
          nicolae_sub_station_stone, nicolae_sub_station_crystal,
          uniq_prince_ribbit1
D:9:      layout_roguey
D:10:     lemuel_slime, layout_grid_maze, minmay_misc_feat_doors, hex_medium
D:11:     layout_roguey, erik_lair_island, serial_shops, shop, uniq_grum
D:12:     regret_index_reflect_refract, layout_basic, david_orc_4, minmay_holes,
          uniq_josephine, uniq_frances
Lair:1:   layout_cave_pods
Lair:2:   layout_cave_pods, mainiacjoe_shoals_entry_four_pools,
          dummy_snake_entry, st_stairs_7, evilmike_ambush
          [evilmike_ambush_outer_basic, evilmike_ambush_inner_basic],
          grunt_megastairs_2, lemuel_fruit_tree, uniq_maggie, uniq_urug
Lair:3:   layout_chaotic_city, gammafunk_lair_bear_cave, uniq_nergalle
Lair:4:   layout_hall_layers, nicolae_slime_entry_slimehenge,
          small_statue_intersection, serial_bayou_lagoon_b
Lair:5:   due_jungle_book, layout_big_grid

Skill      XL: |  1  2  3  4  5  6  7  8  9 10 11 12 13 |
---------------+----------------------------------------+-----
Stealth        | 3 4 5 6 7 8 9 |  9.8
Spellcasting   | 3 4 5 6 8 |  8.0
Short Blades   | 1 2 3 4 5 7 8 |  8.3
Necromancy     | 5 6 7 8 |  8.0
Dodging        | 2 3 5 6 7 8 |  8.0
Fighting       | 2 3 4 |  4.0
Hexes          | 3 5 7 8 9 |  9.6
Alchemy        | 2 4 6 7 |  7.8
Conjurations   | 4 6 7 |  7.6
Fire Magic     | 1 4 |  4.0
Evocations     | 3 |  3.4

Action                     |  1- 3 |  4- 6 |  7- 9 | 10-12 | 13-15 || total
---------------------------+-------+-------+-------+-------+-------++-------
  Melee: Dagger            |    58 |   183 |   299 |   722 |   496 ||  1758
         Bite              |     9 |    65 |   105 |   294 |   203 ||   676
         Punch             |     1 |       |       |       |       ||     1
         Kick              |       |       |       |       |   153 ||   153
  Throw: Dart              |       |       |       |     2 |       ||     2
         Throwing net      |       |       |       |     1 |       ||     1
   Cast: Necrotise         |    18 |     1 |       |       |       ||    19
         Jinxbite          |       |       |       |    39 |    59 ||    98
         Inner Flame       |       |       |       |     1 |     9 ||    10
         Irradiate         |       |       |       |       |     1 ||     1
         Yara's Violent Un |       |       |       |       |     1 ||     1
  Evoke: Phial of floods   |       |       |       |     1 |       ||     1
         Phantom mirror    |       |       |       |     1 |     1 ||     2
         Wand              |       |       |       |     1 |     2 ||     3
    Use: Scroll            |       |       |    12 |     3 |    12 ||    27
         Potion            |       |       |       |     1 |       ||     1
   Stab: Sleeping          |    12 |     8 |    19 |    21 |     5 ||    65
         Distracted        |       |       |       |     3 |     1 ||     4
 Armour: Robe              |    22 |   123 |   101 |    41 |       ||   287
         Acid dragon scale |       |       |       |   222 |       ||   222
         Steam dragon scal |       |       |       |    15 |   124 ||   139
  Dodge: Dodged            |    43 |   139 |   210 |   653 |   379 ||  1424
